 Dungeon Crawl Stone Soup version 0.31-a0-466-g98c9adc2b6 (webtiles) character file.

Game seed: 14149089261728785364

50 Ethylacetat the Insei (level 3, 0/20 HPs)
             Began as a Vine Stalker Monk on Aug 5, 2023.
             Slain by a gnoll
             ... wielding a +0 club
              (5 damage)
             ... on level 2 of the Dungeon.
             The game lasted 00:01:44 (897 turns).

Ethylacetat the Insei (Vine Stalker Monk)            Turns: 897, Time: 00:01:44

Health: 0/20       AC:  5    Str: 13    XL:     3   Next: 79%
Magic:  0/6        EV: 11    Int: 10    God:
Gold:   67         SH:  0    Dex: 18    Spells: 4/4 levels left

rFire   . . .        a - +1 spear (pain)
rCold   . . .        c - orb {light}
rNeg    . . .        f - +0 ring mail
rPois   .            (no helmet)
rElec   .            (no cloak)
rCorr   .            (no gloves)
SInv    .            (no boots)
Will    .....        (no amulet)
Stlth   +            (no ring)
HPRegen 0.23/turn    (no ring)
MPRegen 0.10/turn

%: guardian spirit
@: glowing
A: fangs 2, magic shield, antimagic bite, no potion heal 2
a: no special abilities


You were on level 2 of the Dungeon.
You visited 1 branch of the dungeon, and saw 2 of its levels.

You collected 67 gold pieces.

Inventory:

Hand Weapons
 a - a +1 spear of pain (weapon)
Armour
 c - an orb of light (worn)
 f - a +0 ring mail (worn)
Scrolls
 e - a scroll of enchant weapon {unknown}
Potions
 b - a potion of ambrosia
 d - 2 potions of curing {unknown}
 g - a potion of mutation {unknown}
 h - a potion of invisibility {unknown}


   Skills:
 + Level 3.1 Fighting
 - Level 2.4 Dodging
 * Level 3.9 Unarmed Combat
 + Level 1.3 Spellcasting


You had 4 spell levels left.
You didn't know any spells.
Your spell library was empty.

Dungeon Overview and Level Annotations

Branches:
Dungeon (1/15)

Altars:


Innate Abilities, Weirdness & Mutations

You have extremely sharp teeth.
When hurt, damage is shared between your health and your magic reserves.
Your bite disrupts and absorbs the magic of your enemies.
Potions cannot restore your health.


Message History

The gnoll shouts!
You see here a +0 robe.
There are monsters nearby!
You reach to attack!
You hit the gnoll.
The gnoll is lightly wounded.
The gnoll hits you from afar with a +0 spear.
A ball python comes into view.
You reach to attack!
You hit the gnoll.
The gnoll is moderately wounded.
The gnoll hits you from afar with a +0 spear.
A goblin comes into view. It is wielding a +0 dagger.
You reach to attack!
The goblin shouts!
You hit the gnoll.
The gnoll is heavily wounded.
The gnoll barely misses you.
You reach to attack!
You hit the gnoll.
The gnoll is severely wounded.
The gnoll barely misses you.
You hit the gnoll. You bite the gnoll. You drain its power.
The gnoll is severely wounded.
The gnoll hits you from afar with a +0 spear.
The gnoll closely misses you.
You hit the gnoll. You bite the gnoll, but do no damage.
The gnoll is severely wounded.
The gnoll closely misses you. The gnoll hits you with a +0 club.
Reach: a) +1 spear (pain)
Press: ? - help, Dir - move target, f/p - gnoll
Aim: a gnoll, wielding a +0 spear (severely wounded, haloed, about 16% to evade your +1 spear of pain)
You reach to attack!
You hit the gnoll but do no damage.
The gnoll is severely wounded.
The ball python closely misses you. The ball python barely misses you.
The gnoll hits you with a +0 club. The gnoll hits you but does no damage.
The ball python barely misses you. The ball python grabs you.
The ball python constricts you.
You escape the ball python's grasp.
The gnoll attacks as you move away! The gnoll hits you with a +0 club.
* * * LOW HITPOINT WARNING * * *
The gnoll attacks as you move away! The gnoll hits you with a +0 club.
You die...

.# #...# .# #...#
.#########...######
.##.........>......
....######...##### .####
#....### . # .# #......#
#....
.##########.###.#####......
........# #.###.@g......)..
##......###....(...##......
#.>.....###.....S..#......
#................ggg......
#................#.#......
#.......####...#..........
#.........###...#...$.....
#......##...#.............
#......##...............##


You could see 3 gnolls, a goblin and a ball python.

Vanquished Creatures
  An adder (D:2)
  2 worms (D:2)
  3 ball pythons (D:1)
  6 bats
  6 endoplasms
  4 goblins
  7 hobgoblins
  A quokka (D:1)
  2 rats (D:1)
32 creatures vanquished.

Notes
Turn   | Place    | Note
-------+----------+-------------------------------------------
     0 | D:1      | Ethylacetat the Vine Stalker Monk began the quest for the
                  | Orb.
     0 | D:1      | Reached XP level 1. HP: 11/11 MP: 2/2
    49 | D:1      | Found a faded altar of an unknown god.
   152 | D:1      | Reached XP level 2. HP: 14/16 MP: 1/3
   472 | D:1      | Reached skill level 1 in Spellcasting
   507 | D:1      | Reached XP level 3. HP: 20/20 MP: 5/5
   709 | D:1      | You fall into a shaft and drop 1 floor!
   897 | D:2      | Slain by a gnoll

Illustrated notes

Levels and vault maps discovered:
D:1:      tarquinn_simple_flora_water_a, layout_basic,
          ebering_ecumenical_altar_mist
D:2:      layout_rooms

Skill      XL: |  1  2 |
---------------+-------+-----
Spellcasting   | 1 |  1.3
Fighting       | 3 |  3.1
Dodging        | |  2.4
Unarmed Combat | |  3.9

Action                     || total
---------------------------++-------
  Melee: Unarmed           ||    37
         Bite              ||    22
         Spear             ||    54
 Armour: Robe              ||     8
         Ring mail         ||     9
  Dodge: Dodged            ||    48

Table legend: (Time is in decaauts)
 A = Elapsed time spent in this place.
 B = Non-inter-level travel time spent in this place.
 C = Inter-level travel time spent in this place.
 D = Time resting spent in this place.
 E = Time spent auto-exploring this place.
 F = Levels seen in this place.
 G = Mean time per level.
                   A        B        C        D        E       F      G
               +--------+--------+--------+--------+--------+-----+--------+
         Total |    900 |    900 |      0 |      0 |    671 |   2 |  450.0 |
       Dungeon |    900 |    900 |      0 |      0 |    671 |   2 |  450.0 |
               +--------+--------+--------+--------+--------+-----+--------+

Top non-repeatable levels by time:
     D:1: 708 daAuts
     D:2: 191 daAuts
